Map: Pylon LE

Players

ShoWTimE

  • Race: Protoss Protoss
  • League: Grandmaster
  • Spawn Location: 11:00

Zoun - Winner!

  • Race: Protoss Protoss
  • League: Master
  • Spawn Location: 5:00

Event: HomeStory Cup XXVII

VOD

Have the link to the VOD?

Description

Time

  • Played on: June 29, 2025, 12:51 p.m.
  • Length: 11:09

All games in this series

Show
View Real Time Build Order
Export as new Build Order

ShoWTimE Protoss 

Build Orders: Phoenix Opening, Blink Stalkers 

Get SALT Encoding   

  12  0:00  Probe  
  13  0:12  Probe  
  14  0:16  Pylon  
  14  0:23  Probe  
  15  0:31  Probe  
  16  0:35  Gateway  
  16  0:39  Probe  
  16  0:45  Assimilator  
  17  0:51  Probe  
  18  0:57  Assimilator  
  18  1:00  Probe  
  19  1:07  Gateway  
  19  1:08  Probe  
  19  1:18  Probe  
  20  1:24  Cybernetics Core  
  21  1:30  Probe  
  22  1:36  Pylon  
  22  1:42  Probe  
  24  1:54  Probe  
  24  1:57  Stalker  
  24  2:00  Warp Gate  
  26  2:06  Probe, Sentry  
  26  2:08  Pylon  
  29  2:22  Probe  
  30  2:23  Pylon  
  30  2:29  Sentry  
  32  2:38  Phoenix  
  32  2:41  Nexus  
  32  2:45  Probe  
  32  2:49  Shield Battery  
  33  2:58  Twilight Council  
  33  3:02  Probe  
  33  3:05  Sentry  
  36  3:12  Phoenix  
  36  3:14  Probe  
  36  3:15  Pylon, Blink  
  37  3:23  Probe  
  38  3:31  Probe  
  38  3:40  Probe  
  40  3:48  Adept x2  
  40  3:49  Probe  
  40  3:53  Probe  
  46  3:57  Probe  
  46  3:58  Phoenix  
  47  4:05  Probe  
  47  4:07  Probe  
  49  4:10  Stalker x2  
  53  4:17  Probe  
  53  4:19  Probe  
  53  4:23  Pylon  
  55  4:29  Probe  
  56  4:33  Robotics Facility  
  56  4:34  Stalker x2  
  56  4:36  Probe  
  61  4:46  Nexus  
  61  4:50  Pylon  
  61  4:52  Probe  
  62  5:00  Probe, Assimilator  
  62  5:04  Stalker x2  
  62  5:05  Probe  
  68  5:13  Probe  
  68  5:14  Shield Battery  
  69  5:16  Observer  
  69  5:18  Forge  
  69  5:19  Probe  
  70  5:27  Pylon, Probe  
  72  5:31  Probe  
  72  5:35  Immortal, Stalker x2  
  77  5:39  Probe  
  78  5:45  Probe  
  83  5:50  Probe  
  83  5:53  Pylon  
  83  5:54  Protoss Ground Weapons Level 1  
  83  5:55  Probe  
  84  5:57  Probe  
  84  5:58  Probe  
  84  6:03  Probe  
  87  6:05  Gateway  
  87  6:06  Probe  
  87  6:07  Gateway  
  87  6:09  Probe  
  87  6:11  Phoenix  
  90  6:13  Probe  
  91  6:19  Immortal, Stalker x2  
  94  6:27  Gateway x2  
  95  6:32  Pylon  
  95  6:40  Gateway  
  95  6:42  Gateway  
  95  6:46  Resonating Glaives  
  95  6:52  Sentry, Stalker  
  93  6:56  Shield Battery, Photon Cannon  
  93  6:57  Shield Battery  
  91  7:06  Pylon  
  91  7:15  Pylon  
  91  7:16  Adept x4  
  91  7:21  Adept x2  
  103  7:28  Pylon  
  103  7:33  Shield Battery  
  103  7:35  Shield Battery  
  103  7:38  Adept x4  
  103  7:39  Adept x2  
  115  7:45  Adept x2  
  115  7:48  Pylon  
  119  7:52  Shield Battery  
  119  8:00  Adept x6  
  119  8:01  Warp Prism  
  133  8:13  Pylon  
  133  8:18  Adept x2  
  125  8:24  Adept  
  125  8:25  Adept x2  
  131  8:30  Adept x2  
  119  8:37  Adept  
  117  8:42  Adept x2  
  119  8:51  Adept x3  
  123  8:59  Stalker  
  117  9:03  Probe x3  
  117  9:06  Stalker x3  
  117  9:09  Stalker  
  112  9:13  Adept  
  112  9:14  Adept x2  
  110  9:25  Stalker  
  110  9:30  Stalker  
  110  9:31  Zealot x2  
  110  9:33  Immortal  
  110  9:34  Zealot  
  110  9:35  Zealot x3  
  100  9:48  Stalker  
  94  9:53  Stalker  
  94  9:54  Zealot x2  
  94  10:00  Stalker  
  94  10:05  Shield Battery  
  96  10:07  Adept x3  
  96  10:11  Stalker  
  92  10:14  Adept  
  87  10:21  Zealot x2  
  87  10:22  Zealot  
  87  10:27  Photon Cannon x2  
  89  10:30  Adept x4  
  89  10:33  Assimilator  
  89  10:35  Stalker  
  85  10:42  Stalker  
  83  10:46  Stalker  
  83  10:49  Zealot  
  77  10:54  Stalker  
  77  10:55  Adept  
  75  10:57  Pylon  
  75  10:59  Pylon  
  75  11:00  Stalker  
Show
View Real Time Build Order
Export as new Build Order

Zoun Protoss - Winner!

Build Orders: Phoenix Opening, Blink Stalkers 

Get SALT Encoding   

  12  0:00  Probe  
  13  0:12  Probe  
  14  0:19  Pylon  
  14  0:24  Probe  
  15  0:33  Probe  
  15  0:39  Gateway  
  15  0:41  Probe  
  16  0:47  Assimilator  
  17  0:51  Probe  
  17  0:56  Assimilator  
  18  1:00  Probe  
  19  1:08  Probe  
  19  1:09  Gateway  
  19  1:18  Probe  
  21  1:26  Cybernetics Core  
  21  1:30  Probe  
  22  1:38  Pylon  
  22  1:42  Probe  
  23  1:56  Probe  
  23  2:00  Stalker  
  24  2:02  Sentry  
  24  2:08  Probe  
  29  2:09  Pylon  
  29  2:11  Warp Gate  
  29  2:32  Sentry  
  29  2:36  Phoenix  
  31  2:40  Nexus  
  31  2:45  Shield Battery  
  31  2:49  Sentry  
  33  2:51  Probe  
  33  2:57  Stalker  
  34  3:04  Probe  
  37  3:14  Twilight Council  
  37  3:19  Pylon  
  37  3:20  Probe  
  38  3:28  Probe, Blink  
  39  3:36  Probe  
  40  3:46  Probe  
  40  3:48  Probe  
  40  3:54  Probe  
  42  3:57  Probe  
  42  3:59  Stalker  
  46  4:02  Probe  
  46  4:03  Stalker  
  46  4:07  Probe  
  50  4:15  Probe  
  51  4:19  Probe  
  52  4:27  Probe  
  53  4:31  Probe, Stalker  
  56  4:38  Nexus  
  56  4:41  Pylon  
  56  4:45  Probe  
  57  4:48  Stalker  
  59  4:53  Probe  
  59  4:55  Stalker  
  59  4:58  Pylon  
  59  4:59  Pylon  
  62  5:05  Gateway, Charge  
  62  5:07  Gateway  
  62  5:08  Probe  
  63  5:14  Stalker  
  63  5:20  Stalker  
  67  5:22  Probe x2  
  69  5:28  Pylon  
  69  5:34  Probe  
  70  5:37  Gateway  
  70  5:40  Gateway  
  70  5:41  Probe  
  71  5:46  Probe  
  71  5:47  Stalker  
  74  5:54  Probe x2  
  74  5:55  Stalker  
  77  5:58  Probe  
  78  6:04  Gateway  
  78  6:06  Probe  
  78  6:08  Probe  
  78  6:09  Gateway  
  78  6:11  Pylon  
  80  6:12  Probe  
  78  6:20  Probe x2  
  80  6:27  Zealot x4  
  80  6:29  Gateway  
  88  6:33  Zealot  
  88  6:35  Zealot  
  92  6:41  Pylon  
  92  6:42  Pylon  
  92  6:51  Zealot x4  
  98  6:54  Zealot  
  98  6:55  Zealot  
  102  7:04  Zealot x2  
  106  7:11  Zealot x4  
  114  7:22  Zealot x2  
  118  7:23  Zealot  
  118  7:26  Zealot x2  
  120  7:38  Zealot x2  
  120  7:46  Pylon  
  120  7:47  Pylon, Zealot x2  
  120  7:51  Pylon  
  118  7:58  Zealot x3  
  124  8:05  Stalker x4  
  124  8:08  Stalker x2  
  124  8:23  Zealot x3  
  122  8:30  Stalker x4  
  110  8:38  Stalker x2  
  110  8:44  Stalker x3  
  104  8:55  Stalker x4  
  104  9:01  Stalker  
  104  9:02  Stalker  
  106  9:12  Stalker x3  
  106  9:18  Stalker  
  106  9:19  Zealot x3  
  114  9:30  Stalker  
  108  9:34  Zealot  
  108  9:36  Zealot x3  
  108  9:44  Stalker x2  
  108  9:45  Zealot x2  
  104  9:57  Zealot x5  
  110  10:05  Stalker x2  
  114  10:13  Zealot x3  
  108  10:19  Zealot x4  
  108  10:22  Stalker x2  
  106  10:30  Zealot x3  
  96  10:42  Stalker x2, Zealot x2  
  90  10:51  Zealot x5  
Tags
 
Add a new tag
Caveats
  • Supply blocks, unpowered buildings, or Contaminate may cause inaccurate times.
  • Supply counts are checked every 10 seconds.